[Event "*** Titled Tuesday 3|2 Blitz"]
[Site "Chess.com"]
[Date "2015.02.24"]
[Round "5"]
[White "Hikaru"]
[Black "GMNeiksans"]
[Result "1-0"]
[WhiteElo "2853"]
[BlackElo "2522"]
[TimeControl "180+2"]
[EndTime "12:03:34 PST"]
[Termination "Hikaru won on time"]

1. d4 Nf6 2. Nf3 e6 3. Bf4 b6 4.
Nbd2 Bb7 5. c4 Bb4 6. a3 Bxd2+ 7. Nxd2 d6 8. Qc2 Nbd7 9. e4 e5 10. dxe5 dxe5 11. Be3 Ng4 12. Qc3 O-O 13. Be2 Nxe3 14.
Qxe3 Nc5 15. O-O Ne6 16. Rfd1 Qe7 17. Nb3 c5 18. Nd2 Nd4 19. Rac1 Rad8 20. Nb1 f5 21. exf5 Rxf5 22. Nc3 Rdf8 23. f3 Rf4 24. Rf1 Nf5 25.
Qd2 Nd4 26. Rce1 Qd6 27. Qd1 Qg6 28. Kh1 e4 29. fxe4 Bxe4 30. Nxe4 Qxe4 31. Bf3 Qf5 32. Bd5+ Kh8 33. Rxf4 Qxf4 34. h3 Nf5 35. Qf3 Ng3+ 36. Kg1 Qb8 37. Qe3 h6 38. Qe5 Qxe5 39. Rxe5 Nf5 40. g4 Nd4 41. Re7 g5 42. Kg2 a5 43. h4 Rf6 44. hxg5 hxg5 45. Re5 Rg6 46. Bf7 Rg7 47. Re8+ Kh7 48. Bd5 Kh6 49. Rh8+ Kg6 50.
Rb8 Kf6 51. Kf2 Ke5 52. Ke3 Rh7 53. Re8+ Kd6 54. Rg8 Rh3+ 55. Ke4 Rb3 56. Rg6+ Ke7 57. Ke5 Re3+ 58. Be4 Nf3+ 59. Kd5 Nd2 60. Bf5 Nf3 61. Be4 Nd2 62. Re6+ Kf8 63. Bf5 Rxe6 64. Bxe6 Ke7 65. Bf5 Nf3 66. Be4 Nd2 67. Bh7 Nf3 68. Kc6 Ne5+ 69. Kxb6 Nxc4+ 70. Kxc5 Nxb2 71. Bc2 Kf6 72. Kd4 1-0

[Event "*** Titled Tuesday 3|2 Blitz"]
[Site "Chess.com"]
[Date "2015.02.24"]
[Round "5"]
[White "Tomsel"]
[Black "Schemato"]
[Result "0-1"]
[WhiteElo "2269"]
[BlackElo "2053"]
[TimeControl "180+2"]
[EndTime "12:04:10 PST"]
[Termination "Schemato won by resignation"]

1. b3 e5 2. Bb2 d6 3. g3 g6 4. Bg2 Bg7 5. e3 c5 6. Ne2 Nc6 7. c4 Nge7 8. Nbc3 O-O 9. O-O Be6 10. Rb1 Qd7 11. Re1 Rad8 12. Nd5 Bh3 13. Bh1 Nxd5 14. cxd5 Ne7 15. d4 exd4 16. exd4 b6 17. dxc5 dxc5 18. Bxg7 Kxg7 19. Nf4 Bf5 20. Rb2 Nc8 21. Qd2 Rfe8 22. Qc3+ Kg8 23. Rbe2 Nd6 24. Qf6 Rxe2 25. Rxe2 Re8 26.
Rxe8+ Nxe8 27. Qe5 Nd6 28. h4 h5 29. Bf3 Bb1 30.
Qb2 Be4 31. Bxe4 Nxe4 32. Qe5 Nd6 33. Kg2 Nf5 34. Kf1 Qe7 35. Qxe7 Nxe7 36. d6 Nc6 37. Nd5 Kf8 38. Nf6 Kg7 39. Nd5 Kf8 40. Nc7 Ne5 41.
f4 Nd7 42. Ke2 f6 43. Kd3 Kf7 44. Kc4 a6 45. Kd5 g5 46. fxg5 fxg5 47. hxg5 Kg6 48. Ke6 Nb8 49. d7 Nc6 50. Kd6 Nd8 51. Ne6 Nf7+ 52.
Ke7 Ne5 53. d8=Q Nc6+ 54. Kd7 Nxd8 55. Kxd8 Kf5 56. Nf4 Kxg5 57. Kc7 b5 58. Kc6 c4 59.
bxc4 bxc4 60. Kb6 c3 61. Ne2 c2 62. Kxa6 Kg4 63. Kb5 Kf3 64. Nc1 Kxg3 65. Kc4 h4 66. Ne2+ Kf2 67. Kd3 h3 68. Nc1 h2 69. Kxc2 h1=Q 70.
Nd3+ Ke3 71. Nc1 Qc6+ 72. Kb2 Qb7+ 73. Nb3 Kd3 74. a3 Qb8 75. Ka2 Kc3 0-1

[Event "*** Titled Tuesday 3|2 Blitz"]
[Site "Chess.com"]
[Date "2015.02.24"]
[Round "5"]
[White "EltajSafarli"]
[Black "9ShMat2"]
[Result "1-0"]
[WhiteElo "2616"]
[BlackElo "2439"]
[TimeControl "180+2"]
[EndTime "12:04:47 PST"]
[Termination "EltajSafarli won by resignation"]

1. e4 c5 2. Nf3 e6 3. d4 cxd4 4. Nxd4 Bc5 5. Nb3 Bb6 6. Nc3 Ne7 7. Qe2 Nbc6 8. Be3 O-O 9. O-O-O f5 10. f3 fxe4 11.
fxe4 Ng6 12. Kb1 Nge5 13. g4 Qh4 14. Bxb6 axb6 15. h3 Rf7 16. Nb5 Qg3 17. Nd6 Rf8 18.
Qd2 Rf2 19. Qe1 Nf3 20. Qc3 Qf4 21. Bb5 Ng5 22. Rhe1 g6 23. a4 Rf3 24. Qc4 Rxh3 25. Nxc8 Rxc8 26. Rxd7 Rh2 27. Nd4 Na7 28. Qb4 Nxb5 29.
Qxb5 Nxe4 30. Qxb6 Nc5 31. Rd8+ Rxd8 32. Qxd8+ Qf8 33. Qc7 Rg2 34. b3 Rxg4 35. Nxe6 Nxe6 36. Rxe6 Rg1+ 37. Ka2 Rf1 38. Qxb7 Rf2 39. Qc6 Qf5 40. Kb2 Kg7 41. Qc3+ Kh6 42. Re3 g5 43. a5 Qf6 44. Qxf6+ Rxf6 45. b4 g4 46. b5 Rf5 47.
Rb3 g3 48. b6 g2 49. Rh3+ Rh5 50. Rxh5+ Kxh5 51. b7 g1=Q 52. b8=Q Qd4+ 53. c3 Qd2+ 54. Kb3 Qd1+ 55. Kc4 Qe2+ 56. Kc5 Qe3+ 57. Kb4 Qe4+ 58. Ka3 Qc4 59. Qe5+ Kg6 60. Qd4 Qf1 61. Qd6+ Kf7 62. a6 Qc1+ 63. Kb4 Qb2+ 64. Kc4 Qa2+ 65. Kb5 Qb2+ 66.
Qb4 Qa1 67. c4 Qe5+ 68. c5 Qb8+ 69. Ka4 Qe5 70. c6 Qa1+ 71. Kb5 Qe5+ 72. Qc5 Qb2+ 73. Ka5 Qa2+ 74. Kb6 Qb3+ 75. Qb5 Qe3+ 76. Kb7 Qe4 77. a7 Kg6 78. a8=Q Qe7+ 79. c7 h5 80. Qg8+ 1-0

[Event "*** Titled Tuesday 3|2 Blitz"]
[Site "Chess.com"]
[Date "2015.02.24"]
[Round "5"]
[White "iFrancisco"]
[Black "FabianEnglert"]
[Result "1/2-1/2"]
[WhiteElo "2283"]
[BlackElo "2229"]
[TimeControl "180+2"]
[EndTime "12:06:32 PST"]
[Termination "Game drawn - insufficient material"]

1. e4 c5 2. Nf3 e6 3. d4 cxd4 4.
Nxd4 a6 5. Bd3 Bc5 6. Nb3 Be7 7. O-O d6 8. c4 Nf6 9. Nc3 O-O 10. f4 Nbd7 11. Qf3 Rb8 12. Be3 Qc7 13. Rac1 b6 14. Bb1 Bb7 15. Nd2 Rbc8 16. b3 Qb8 17. h3 Rfe8 18. Qf2 Bd8 19. Rfe1 Qa8 20. g4 Nc5 21. Qg2 g6 22. Bf2 Bc6 23. b4 Ncd7 24. Nf3 d5 25.
e5 Ne4 26. cxd5 exd5 27. Nd4 Nxf2 28. Qxf2 Nf8 29. Nce2 Be7 30. a3 a5 31. b5 Bd7 32.
a4 Bb4 33. Red1 Ne6 34. Nxe6 Bxe6 35. Kh2 Rxc1 36. Rxc1 Bc5 37. Qg3 d4 38. f5 Bc8 39.
e6 fxe6 40. fxg6 hxg6 41. Bxg6 Rf8 42. Qh4 Qb8+ 43. Kg1 Qb7 44. Bd3 Qg7 45. Rf1 Rxf1+ 46.
Kxf1 Bb7 47. Ke1 e5 48. Ng3 Be7 49. Qh5 Qf7 50. Qxe5 Bb4+ 51. Kd1 Qb3+ 52. Bc2 Bf3+ 53. Ne2 Bxe2+ 54. Qxe2 Qxh3 55. Qe6+ Kf8 56. Qf5+ Ke7 57. Qe4+ Kf8 58. Qf4+ Ke7 59. Be4 Qb3+ 60. Ke2 Qb2+ 61. Kf3 Qc3+ 62. Kg2 Qd2+ 63. Qxd2 Bxd2 64. Kf3 Kf6 65.
Ke2 Bg5 66. Kd3 Ke5 67. Bf3 Bf4 68. Kc4 Bg5 69. Kd3 Bf4 70. Be4 Bg5 71. Bf5 Bf4 72. Ke2 Bg5 73. Bd3 Bf4 74. Kf3 Bg5 75. Kg3 Kd5 76.
Kg2 Ke5 77. Kf2 Bh4+ 78. Ke2 Bg5 79. Kf3 Kd5 80. Kg3 Ke5 81. Kg2 Bh4 82. Kf1 Bg5 83.
Ke2 Kf4 84. Bf5 Ke5 85. Kd3 Kd5 86. Bh7 Bf4 87. Bg6 Bh6 88. Be8 Kc5 89. Bc6 Bg5 90. Ke4 Kc4 91. Kf3 d3 92. Kf2 Kc3 93.
Ke1 d2+ 94. Kd1 Kb3 95. Bd7 Kxa4 96. Kc2 Kb4 97. Bc6 a4 98. Bf3 Kxb5 99. Kc3 Kc5 100. Bd1 b5 101. Kd3 Kb4 102. Kc2 Ka3 103. Kb1 b4 104.
Bc2 b3 105. Bd1 Bf6 106. g5 Bg7 107. g6 Kb4 108. Bxb3 Bf6 109. Bxa4 Kxa4 110. Kc2 Bc3 111. g7 Bxg7 112. Kxd2 1/2-1/2

[Event "*** Titled Tuesday 3|2 Blitz"]
[Site "Chess.com"]
[Date "2015.02.24"]
[Round "5"]
[White "gumersindo"]
[Black "SuPeR_Fm"]
[Result "1/2-1/2"]
[WhiteElo "2117"]
[BlackElo "2318"]
[TimeControl "180+2"]
[EndTime "12:09:52 PST"]
[Termination "Game drawn by agreement"]

1. d4 Nf6 2. c4 d6 3. Nc3 e5 4.
Nf3 Nbd7 5. g3 Be7 6. Bg2 O-O 7. O-O Re8 8. e4 exd4 9. Nxd4 Bf8 10. h3 c6 11. Re1 a5 12. Be3 Qc7 13. Qc2 Nc5 14.
Rad1 Bd7 15. f4 Rad8 16. Bf2 Bc8 17. Nb3 Nfd7 18. Nxc5 Nxc5 19. a3 g6 20. b4 axb4 21. axb4 Na6 22. Qb3 Bg7 23. Na4 Qe7 24. Nb6 Nb8 25.
Rd2 Bf8 26. Red1 Nd7 27. Na8 Nf6 28. Re1 Bxh3 29. Bxh3 Rxa8 30. Bg2 Ng4 31. Bd4 Bg7 32. Bxg7 Kxg7 33. Qc3+ Kg8 34. Red1 Rad8 35. Qf3 Nf6 36.
Re2 Qc7 37. Kh1 Qb6 38. Qc3 Ng4 39. Rdd2 Qc7 40. Bf3 h5 41. Kg2 Qe7 42. Rd1 Qf6 43. Qxf6 Nxf6 44. Ra1 Re7 45. Ra7 Rde8 46. e5 dxe5 47.
fxe5 Nh7 48. b5 cxb5 49. cxb5 b6 50. Ra6 Rxe5 51. Rxe5 Rxe5 52. Rxb6 Ng5 53. Bc6 Re2+ 54. Kf1 Rb2 55. Rb8+ Kg7 56. b6 Ne6 57. b7 Nc5 58.
Rc8 Nxb7 59. Rb8 Rb6 60. Bxb7 Rb2 61. Ke1 Kf6 62. Kd1 Kg5 63. Kc1 Rb6 64. Kd2 f6 65.
Ke3 Rb3+ 66. Kf2 f5 67. Kg2 Rb2+ 68. Kh3 Rb3 69. Kh2 Kg4 70. Rg8 g5 71. Bg2 Rb2 72. Rc8 h4 73. gxh4 Kxh4 74. Rc3 f4 75. Rh3+ Kg4 76.
Rd3 Rf2 77. Kg1 Ra2 78. Bf3+ Kh4 79. Rd8 Kg3 80. Rd3 Rb2 81. Bd1+ Kh4 82. Rd8 g4 83. Rh8+ Kg3 84. Rg8 f3 85. Rd8 Rg2+ 86. Kf1 Rh2 87. Bxf3 Kxf3 88. Rd3+ Ke4 89. Ra3 Kf4 90. Kg1 Rb2 91.
Ra1 Rb3 92. Rf1+ Kg3 93. Rd1 Rb2 94. Rd3+ Kh4 95. Rd1 Kh3 96. Ra1 Rg2+ 97. Kh1 Rb2 98. Kg1 Rb3 99. Rc1 Kg3 100. Rd1 Rf3 101. Ra1 Rd3 102. Rc1 Kh3 103. Ra1 Rg3+ 104. Kh1 Rg2 105. Ra3+ Rg3 106. Ra1 Rb3 107. Rc1 Kh4 108. Kg2 Kg5 109. Kg1 Rb8 110.
Rf1 Kh4 111. Ra1 Kh3 112. Ra3+ Kh4 113. Ra1 Rb2 114. Rd1 Kg3 115. Rc1 Rg2+ 116. Kh1 Rh2+ 117. Kg1 Rh7 118. Rc3+ Kf4 119. Rc1 Rb7 120. Ra1 Rb2 121. Ra4+ Kg3 122. Ra3+ Kh4 123. Ra1 Kh3 124. Rc1 g3 125. Rf1 Rg2+ 126. Kh1 Rf2 127. Ra1 Rb2 128. Kg1 Rh2 129. Rb1 Ra2 130. Rc1 Ra3 131. Rb1 g2 132. Rc1 Kg3 133. Rb1 Rc3 134. Ra1 Kf3 135. Rb1 Kg3 136. Ra1 Kh3 137. Rb1 Ra3 138. Rc1 Rf3 139. Rb1 Kg3 140. Rc1 Rf8 141. Rc3+ Rf3 142. Rc1 Rd3 143. Ra1 Rd8 144. Ra3+ Kf4 145.
Kxg2 Rd2+ 146. Kf1 Rb2 147. Rc3 1/2-1/2

[Event "*** Titled Tuesday 3|2 Blitz"]
[Site "Chess.com"]
[Date "2015.02.24"]
[Round "6"]
[White "ilmago"]
[Black "destroyer305"]
[Result "0-1"]
[WhiteElo "1895"]
[BlackElo "2127"]
[TimeControl "180+2"]
[EndTime "12:11:44 PST"]
[Termination "destroyer305 won by resignation"]

1. e4 c5 2. Nf3 g6 3. d4 cxd4 4.
Qxd4 Nf6 5. e5 Nc6 6. Qa4 Nd5 7. c4 Nc7 8. Nc3 Bg7 9. Bf4 Ne6 10. Bg3 O-O 11. Bd3 Nc5 12. Qc2 Nb4 0-1

[Event "*** Titled Tuesday 3|2 Blitz"]
[Site "Chess.com"]
[Date "2015.02.24"]
[Round "6"]
[White "LyonBeast"]
[Black "Hikaru"]
[Result "1-0"]
[WhiteElo "2769"]
[BlackElo "2843"]
[TimeControl "180+2"]
[EndTime "12:12:09 PST"]
[Termination "LyonBeast won by resignation"]

1. e4 c5 2. Nc3 a6 3. Nf3 d6 4. d4 cxd4 5. Nxd4 Nf6 6. Bc4 b5 7.
Bb3 e6 8. O-O Nbd7 9. Bxe6 fxe6 10. Nxe6 Qb6 11. Be3 Qb7 12. Nd5 Kf7 13. Nd8+ 1-0

[Event "*** Titled Tuesday 3|2 Blitz"]
[Site "Chess.com"]
[Date "2015.02.24"]
[Round "6"]
[White "1stSecond"]
[Black "Konavets"]
[Result "1-0"]
[WhiteElo "2371"]
[BlackElo "2360"]
[TimeControl "180+2"]
[EndTime "12:14:19 PST"]
[Termination "1stSecond won by resignation"]

1. d4 Nf6 2. c4 e6 3. Nc3 c5 4. e3 d5 5. Nf3 Nc6 6. a3 a6 7. cxd5 exd5 8. dxc5 Bxc5 9. Be2 O-O 10. O-O d4 11. b4 Ba7 12. exd4 Nxd4 13. Bb2 Nxe2+ 14. Qxe2 Re8 15. Rfd1 Qc7 16. Nd5 Rxe2 17. Nxc7 Bd7 18. Bxf6 Rxf2 19. Bd4 1-0

[Event "*** Titled Tuesday 3|2 Blitz"]
[Site "Chess.com"]
[Date "2015.02.24"]
[Round "6"]
[White "raskolnnikov"]
[Black "Kacparov"]
[Result "0-1"]
[WhiteElo "2276"]
[BlackElo "2441"]
[TimeControl "180+2"]
[EndTime "12:15:19 PST"]
[Termination "Kacparov won by resignation"]

1. d4 Nf6 2. c4 c5 3. d5 a6 4. Nc3 b5 5. cxb5 axb5 6. Nxb5 Qa5+ 7. Nc3 Ba6 8. Bd2 Qb6 9. Qc2 e6 10. dxe6 fxe6 11. e4 Bxf1 12. Kxf1 Nc6 13. Nge2 Be7 14.
g3 O-O 15. Kg2 Nd4 16. Nxd4 cxd4 17. Ne2 Ng4 18. f3 d3 19. Qxd3 Qf2+ 20. Kh3 Rxf3 21.
Qxd7 Qxe2 22. Qxe7 Nf2+ 23. Kg2 Nxh1+ 24. Kxh1 Rf1+ 0-1

[Event "*** Titled Tuesday 3|2 Blitz"]
[Site "Chess.com"]
[Date "2015.02.24"]
[Round "6"]
[White "Argente"]
[Black "iFrancisco"]
[Result "1-0"]
[WhiteElo "2203"]
[BlackElo "2273"]
[TimeControl "180+2"]
[EndTime "12:15:22 PST"]
[Termination "Argente won by resignation"]

1. d4 d5 2. Nf3 Nf6 3. c3 e6 4.
Bg5 c5 5. e3 Nc6 6. Nbd2 b6 7.
Bd3 Bb7 8. Ne5 Be7 9. Bb5 Rc8 10. Qa4 Qc7 11. Qxa7 O-O 12. Bxc6 Bxc6 13. Qxc7 Rxc7 14. Nxc6 Rxc6 15. Ke2 cxd4 16. exd4 Rfc8 17. a4 Rc4 18. Nxc4 dxc4 19. a5 bxa5 20. Rxa5 Rb8 21. Rb1 h6 22. Bxf6 Bxf6 23. Rc5 Rb3 24. Rxc4 Be7 25. Kd3 f6 26. Rc7 Bd6 27. Rc6 Be7 28. Rxe6 Kf7 29. Ra6 f5 30. Kc2 Rb7 31. b4 Rc7 32. Kd3 1-0

[Event "*** Titled Tuesday 3|2 Blitz"]
[Site "Chess.com"]
[Date "2015.02.24"]
[Round "6"]
[White "lukas_111111"]
[Black "Rijeka1999"]
[Result "1-0"]
[WhiteElo "2149"]
[BlackElo "2250"]
[TimeControl "180+2"]
[EndTime "12:15:25 PST"]
[Termination "lukas_111111 won by resignation"]

1. e4 e5 2. Nf3 Nc6 3. Bb5 a6 4.
Ba4 Nf6 5. O-O Be7 6. Bxc6 dxc6 7. d3 Nd7 8. Nbd2 b5 9. b3 c5 10. Bb2 Bd6 11. Re1 O-O 12. Nf1 Re8 13. Ne3 Bf8 14. Qd2 Bb7 15. Qa5 g6 16. Rad1 Bg7 17.
Qd2 Qe7 18. Nd5 Bxd5 19. exd5 Qd6 20. c4 b4 21. Qg5 f6 22. Qg3 a5 23. h4 a4 24. h5 g5 25. Qg4 axb3 26. axb3 Ra2 27. Bc1 h6 28. Nd2 f5 29. Qxf5 Rf8 30. Qe6+ Kh8 31. Ne4 Qb6 1-0

[Event "*** Titled Tuesday 3|2 Blitz"]
[Site "Chess.com"]
[Date "2015.02.24"]
[Round "6"]
[White "stepanosinovsky"]
[Black "gawk"]
[Result "1-0"]
[WhiteElo "2240"]
[BlackElo "2050"]
[TimeControl "180+2"]
[EndTime "12:15:28 PST"]
[Termination "stepanosinovsky won by resignation"]

1. Nf3 Nf6 2. g3 c5 3. Bg2 Nc6 4. O-O e6 5. d3 d5 6. Nbd2 Be7 7. e4 O-O 8. e5 Nd7 9. Re1 b5 10. h4 a5 11. Nf1 b4 12. h5 Ba6 13. h6 g6 14. N1h2 a4 15. Ng4 Nb6 16. Bf4 Nd4 17.
Nxd4 cxd4 18. Qd2 Rc8 19. Nf6+ Kh8 20. Bg5 Qc7 21. Re2 Nd7 22. Nxh7 Bxg5 23. Nxg5 Qb8 24. Qf4 1-0

[Event "*** Titled Tuesday 3|2 Blitz"]
[Site "Chess.com"]
[Date "2015.02.24"]
[Round "6"]
[White "PauloCesarCosta"]
[Black "megarompa"]
[Result "0-1"]
[WhiteElo "2064"]
[BlackElo "2646"]
[TimeControl "180+2"]
[EndTime "12:15:30 PST"]
[Termination "megarompa won by resignation"]

1. Nf3 d5 2. c4 c6 3. d4 Nf6 4. e3 g6 5. Nc3 Bg7 6. Be2 O-O 7. O-O Bf5 8. Qb3 b6 9. cxd5 cxd5 10. Ne5 Ne4 11. Nxe4 dxe4 12. Bc4 e6 13.
Bb5 h5 14. Nc6 Nxc6 15. Bxc6 Rb8 16. Bb5 Qg5 17. Kh1 h4 18. h3 Rfc8 19. Qd1 Bxh3 20. gxh3 Qxb5 21. Rg1 Qf5 22. Kg2 Rc4 23. Bd2 Rd8 24. Bc3 b5 25. a3 a5 26. Qe2 Rdc8 27. Bxa5 Rc2 28. Qg4 Qxf2+ 0-1

[Event "*** Titled Tuesday 3|2 Blitz"]
[Site "Chess.com"]
[Date "2015.02.24"]
[Round "6"]
[White "guillead1"]
[Black "DoctorMove"]
[Result "1-0"]
[WhiteElo "2256"]
[BlackElo "1766"]
[TimeControl "180+2"]
[EndTime "12:15:48 PST"]
[Termination "guillead1 won by resignation"]

1. d4 d5 2. c4 e6 3. Nf3 Nf6 4. g3 Be7 5. Bg2 O-O 6. O-O c6 7. Qc2 Nbd7 8. Rd1 b6 9. b3 Ba6 10. Nc3 Rc8 11. e4 Qc7 12. Bf4 Qd8 13. Nd2 h6 14.
Bf3 g5 15. Be3 Qc7 16. h4 c5 17. exd5 cxd4 18. Bxd4 b5 19. dxe6 fxe6 20. Qg6+ 1-0

[Event "*** Titled Tuesday 3|2 Blitz"]
[Site "Chess.com"]
[Date "2015.02.24"]
[Round "6"]
[White "Colombiano07"]
[Black "Hafez_Bakr"]
[Result "1-0"]
[WhiteElo "2009"]
[BlackElo "1818"]
[TimeControl "180+2"]
[EndTime "12:16:00 PST"]
[Termination "Colombiano07 won by resignation"]

1. e4 c5 2. Nf3 d6 3. d4 cxd4 4. Nxd4 Nf6 5. Nc3 a6 6. Bg5 e6 7.
Qf3 Be7 8. O-O-O Qc7 9. Qg3 Nbd7 10.
Kb1 Ne5 11. f4 Nc4 12. Bxc4 Qxc4 13. e5 dxe5 14. fxe5 Nd5 15. Nxd5 Bxg5 16. Nb6 Qc5 17.
Nxa8 Bh6 18. Nb3 Qe7 19. Nb6 O-O 20. Nxc8 Rxc8 21. Rd6 Qc7 22. Qd3 g6 23. Rd1 Bg5 24. g3 Bh6 25. Rd8+ Kg7 26. Rxc8 Qxc8 27. Qd8 1-0

[Event "*** Titled Tuesday 3|2 Blitz"]
[Site "Chess.com"]
[Date "2015.02.24"]
[Round "6"]
[White "pKiLz5Rn9b"]
[Black "LuckyTiger"]
[Result "0-1"]
[WhiteElo "2245"]
[BlackElo "2482"]
[TimeControl "180+2"]
[EndTime "12:16:01 PST"]
[Termination "LuckyTiger won by resignation"]

1. b3 Nf6 2. Bb2 e6 3. e3 d6 4. f4 h5 5. Nf3 h4 6. d3 b6 7. Nbd2 a5 8. a4 Bb7 9. Qe2 Nc6 10. c3 Ne7 11. e4 Ng6 12. Qe3 Ng4 13. Qe2 Nxf4 14.
Qd1 Ne3 15. Qc1 Nxf1 16. Kxf1 Nxd3 17. Qc2 Nxb2 18. Qxb2 h3 19. g3 Qf6 20. Qc2 g5 21. Ke2 Bg7 22. Rac1 O-O-O 23. c4 g4 24. Nh4 Qe5 25.
Rhf1 f5 26. Ng6 Qd4 27. Nxh8 Bxh8 28. Rf4 Be5 29. Rff1 fxe4 30. Rce1 e3 31. Qd3 exd2 32. Kxd2 Qb2+ 33. Kd1 Bf3+ 34. Rxf3 gxf3 35. Qxf3 Kb8 36. g4 Qxh2 37. g5 Qg3 0-1

[Event "*** Titled Tuesday 3|2 Blitz"]
[Site "Chess.com"]
[Date "2015.02.24"]
[Round "6"]
[White "Aragon"]
[Black "DanielNaroditsky"]
[Result "0-1"]
[WhiteElo "2044"]
[BlackElo "2551"]
[TimeControl "180+2"]
[EndTime "12:16:03 PST"]
[Termination "DanielNaroditsky won by resignation"]

1. e4 a5 2. d4 b6 3. c4 Bb7 4. Nc3 e6 5. Nf3 Bb4 6. Bd3 Nf6 7. Qe2 d6 8. O-O Bxc3 9. bxc3 Nbd7 10.
Re1 e5 11. Nh4 g6 12. Bh6 Nh5 13. Nf3 Qf6 14. Qe3 Nf8 15. c5 Ne6 16. cxd6 cxd6 17. Bb5+ Ke7 18. dxe5 dxe5 19. Qxb6 Rhb8 20. Rad1 Bd5 21.
exd5 Rxb6 22. dxe6 Qxe6 23. Rd7+ Qxd7 24. Bxd7 Kxd7 25.
Nxe5+ Kc7 26. Nxf7 Rab8 27. g4 Rb1 28. Rxb1 Rxb1+ 29. Kg2 Nf6 30. Bf4+ Kd7 31. h3 Nd5 32. Bg3 Nxc3 33.
Ng5 h6 34. Nf7 Nxa2 35. Ne5+ Ke6 36. Nxg6 a4 37. f4 Kd7 38. f5 a3 39. f6 Ke6 40.
Bh4 Nc3 41. f7 Kxf7 42. Ne5+ Ke6 0-1

[Event "*** Titled Tuesday 3|2 Blitz"]
[Site "Chess.com"]
[Date "2015.02.24"]
[Round "6"]
[White "Schemato"]
[Black "juniortay"]
[Result "1-0"]
[WhiteElo "2064"]
[BlackElo "2194"]
[TimeControl "180+2"]
[EndTime "12:16:25 PST"]
[Termination "Schemato won on time"]

1. c4 g6 2. Nc3 Bg7 3. g3 d6 4. Bg2 Nf6 5. e4 O-O 6. Nge2 c5 7. O-O Nc6 8. d3 a6 9. h3 Rb8 10. a4 Ne8 11. Be3 Nc7 12. d4 Na5 13.
b3 cxd4 14. Bxd4 Ne6 15. Bxg7 Kxg7 16. Rb1 Bd7 17. Nd4 Nxd4 18. Qxd4+ f6 19. Qd3 b5 20. cxb5 axb5 21. b4 Nc4 22. a5 Qc8 23. Kh2 Be6 24.
Nd5 Qd7 25. Rfc1 Rfc8 26. Qd4 1-0

[Event "*** Titled Tuesday 3|2 Blitz"]
[Site "Chess.com"]
[Date "2015.02.24"]
[Round "6"]
[White "Cryptochess"]
[Black "VerdeNotte"]
[Result "0-1"]
[WhiteElo "2381"]
[BlackElo "2542"]
[TimeControl "180+2"]
[EndTime "12:16:26 PST"]
[Termination "VerdeNotte won by resignation"]

1. e4 c5 2. Nc3 g6 3. g3 Bg7 4.
Bg2 Nc6 5. d3 Rb8 6. Be3 d6 7.
Nf3 b5 8. Qd2 Nd4 9. O-O Bg4 10.
Bxd4 cxd4 11. Ne2 e5 12. h3 Bd7 13. c3 dxc3 14. bxc3 Nf6 15. Ne1 Qb6 16. Nc2 h5 17. Ne3 h4 18. d4 hxg3 19. fxg3 Bxh3 20. Bxh3 Rxh3 21. Kg2 Nxe4 22. Qd3 Ng5 23. dxe5 Bxe5 24. Nd5 Qc6 25. Nf4 Rh8 26. Rad1 Kd7 27. Nxg6 fxg6 28.
Qxg6 Rbg8 29. Qf5+ Kd8 30. Kg1 Qc5+ 31. Kg2 Qc4 32.
Ne3 Qe4+ 33. Qxe4 Nxe4 34. Nf5 Nxg3 35. Nxd6 Nxf1+ 0-1

[Event "*** Titled Tuesday 3|2 Blitz"]
[Site "Chess.com"]
[Date "2015.02.24"]
[Round "6"]
[White "bugsbunny444"]
[Black "tac49"]
[Result "1/2-1/2"]
[WhiteElo "2353"]
[BlackElo "2395"]
[TimeControl "180+2"]
[EndTime "12:16:27 PST"]
[Termination "Game drawn by agreement"]

1. Nf3 Nf6 2. c4 g6 3. b4 Bg7 4. Bb2 O-O 5. g3 c6 6. Bg2 d5 7. cxd5 Nxd5 8. Bxg7 Kxg7 9. Qb3 a5 10. b5 Qb6 11. Nc3 Nxc3 12. Qxc3+ Kg8 13. bxc6 Nxc6 14.
O-O Bd7 15. Rab1 Qc7 16. Rfc1 Rab8 17. Nd4 Qd6 18. Nxc6 Bxc6 19. Bxc6 bxc6 20. Rxb8 Rxb8 21. Qxa5 Rb2 22. Qa8+ Kg7 23. Qxc6 Qxc6 24. Rxc6 Rxd2 25. Kf1 1/2-1/2

[Event "*** Titled Tuesday 3|2 Blitz"]
[Site "Chess.com"]
[Date "2015.02.24"]
[Round "6"]
[White "chito89"]
[Black "exoticprincess"]
[Result "0-1"]
[WhiteElo "2599"]
[BlackElo "2816"]
[TimeControl "180+2"]
[EndTime "12:16:49 PST"]
[Termination "exoticprincess won by resignation"]

1. d4 d6 2. e4 Nf6 3. Nc3 e5 4. Nge2 Nc6 5. d5 Ne7 6. f3 h5 7.
Bg5 Nh7 8. Be3 g6 9. Qd2 Ng8 10. O-O-O Nhf6 11. h3 Bh6 12. f4 Nd7 13. g4 exf4 14.
Nxf4 hxg4 15. hxg4 Ne5 16. g5 Bg7 17. Rxh8 Bxh8 18.
Be2 Bg4 19. Rh1 Bg7 20. Rh7 Kf8 21. Nb5 Bd7 22. Nd4 Ne7 23. Qe1 c6 24. Kb1 cxd5 25. Nxd5 Nxd5 26. exd5 Rc8 27. Qf2 Kg8 28. Rh1 Qa5 29.
Qh4 Qxd5 30. b3 Nc6 31. Bc4 Qe5 32. Qh7+ Kf8 33. Rf1 d5 34. Qxg6 Nd8 35. Bd3 Qxe3 36. Qd6+ Qe7 0-1

[Event "*** Titled Tuesday 3|2 Blitz"]
[Site "Chess.com"]
[Date "2015.02.24"]
[Round "6"]
[White "Chesseducation4u"]
[Black "Inopov"]
[Result "0-1"]
[WhiteElo "2221"]
[BlackElo "2455"]
[TimeControl "180+2"]
[EndTime "12:17:03 PST"]
[Termination "Inopov won on time"]

1. Nf3 Nf6 2. g3 d5 3. Bg2 e6 4. O-O Be7 5. c4 O-O 6. d4 c6 7. Qc2 b6 8. Rd1 Bb7 9. b3 a5 10. a4 Na6 11. Nc3 Nb4 12. Qb1 c5 13. Bf4 Qc8 14.
dxc5 Bxc5 15. e3 dxc4 16. bxc4 h6 17. Be5 Be7 18. Nd2 Bxg2 19. Kxg2 Rd8 20. Nce4 Qc6 21.
f3 Rd3 22. Bxf6 gxf6 23. Nf1 Rad8 24. Rxd3 Rxd3 25. Nf2 Rc3 26. Qd1 Rxc4 0-1

[Event "*** Titled Tuesday 3|2 Blitz"]
[Site "Chess.com"]
[Date "2015.02.24"]
[Round "6"]
[White "tigrangharamian"]
[Black "Nouki"]
[Result "1/2-1/2"]
[WhiteElo "2539"]
[BlackElo "2651"]
[TimeControl "180+2"]
[EndTime "12:17:07 PST"]
[Termination "Game drawn by agreement"]

1. e4 e5 2. Nf3 Nc6 3. Bb5 Nf6 4. O-O Nxe4 5. Re1 Nd6 6. Nxe5 Be7 7. Bf1 Nf5 8. Nf3 d5 9. Bb5 O-O 10.
Bxc6 bxc6 11. d3 Bd6 12. Nbd2 Qf6 13. Nf1 c5 14. Ng3 Bb7 15. Bg5 Qg6 16. Nxf5 Qxf5 17.
Bh4 Rfe8 18. Bg3 d4 19. Nd2 Qd5 20. f3 f5 21. Bxd6 cxd6 22. b3 Bc6 23. Nc4 Rxe1+ 24. Qxe1 Re8 25. Qf2 Qe6 26. Kf1 Bd5 27. Re1 Qxe1+ 28.
Qxe1 Rxe1+ 29. Kxe1 Bxc4 1/2-1/2

[Event "*** Titled Tuesday 3|2 Blitz"]
[Site "Chess.com"]
[Date "2015.02.24"]
[Round "6"]
[White "oggy1984"]
[Black "GulamaliRises"]
[Result "0-1"]
[WhiteElo "2200"]
[BlackElo "2328"]
[TimeControl "180+2"]
[EndTime "12:17:14 PST"]
[Termination "GulamaliRises won on time"]

1. e4 c5 2. Nf3 d6 3. d4 cxd4 4.
Nxd4 Nf6 5. Nc3 a6 6. Be3 e6 7. f3 b5 8. Qd2 Bb7 9. g4 Nfd7 10. O-O-O Nb6 11. a3 N8d7 12. h4 Rc8 13. g5 Ne5 14.
Qe1 Nbc4 15. Bxc4 Nxc4 16. h5 Qc7 17. Rg1 Nxa3 18. g6 hxg6 19. hxg6 Nc4 20. gxf7+ Kxf7 21.
Rd3 b4 22. Na4 Nxe3 23. Qxe3 e5 24. Qg5 exd4 25. Rd2 Rh6 0-1

[Event "*** Titled Tuesday 3|2 Blitz"]
[Site "Chess.com"]
[Date "2015.02.24"]
[Round "6"]
[White "LADIESGET2KNOWME"]
[Black "igorkovalenko"]
[Result "0-1"]
[WhiteElo "2294"]
[BlackElo "2458"]
[TimeControl "180+2"]
[EndTime "12:17:34 PST"]
[Termination "igorkovalenko won by resignation"]

1. d4 Nf6 2. Nc3 d5 3. Bg5 Nbd7 4. Nf3 Ne4 5. Nxe4 dxe4 6. Nd2 h6 7. Bh4 g5 8. Bg3 Nf6 9. e3 Bg7 10. Be2 O-O 11. c4 c5 12. Nb3 cxd4 13. Nxd4 Bd7 14. O-O Rc8 15. Qb3 Qb6 16. Qxb6 axb6 17. Rfd1 Rfd8 18. Rac1 Ne8 19. b3 e5 20. Nc2 f5 21. f3 f4 22. Bf2 Bf5 23. Nb4 Bf8 24. Nd5 b5 25. Nb6 Rxd1+ 26. Rxd1 Rc6 27. exf4 gxf4 28.
fxe4 Bxe4 29. cxb5 Rc2 30. Bc4+ Kg7 31. a4 Nf6 32.
Nd7 Ng4 33. Nxf8 Rxf2 34. Bf1 Kxf8 35. h3 Ne3 36. Kxf2 Nxd1+ 37. Ke1 Ne3 38. Bc4 Nxc4 39. bxc4 b6 40. Kf2 Ke7 41. g3 Kd6 42. gxf4 exf4 0-1